Map: Newkirk Precinct TE (Void)

Players

Railgan - Winner!

  • Race: Zerg Zerg
  • League: Grandmaster
  • Spawn Location: 7:00

WhiteRa

  • Race: Protoss Protoss
  • League: Master
  • Spawn Location: 5:00

VOD

Have the link to the VOD?

Description

Time

  • Played on: March 23, 2017, 9:41 p.m.
  • Length: 9:11
Show
View Real Time Build Order
Export as new Build Order

Railgan Zerg - Winner!

Build Orders: Hatch First 

Get SALT Encoding   

  12  0:01  Drone  
  13  0:13  Overlord  
  13  0:18  Drone  
  14  0:31  Drone x2  
  16  0:51  Hatchery  
  16  0:54  Drone  
  16  0:58  Drone  
  16  1:02  Drone  
  18  1:17  Spawning Pool  
  17  1:19  Extractor  
  17  1:21  Drone  
  17  1:24  Drone  
  18  1:30  Drone  
  19  1:39  Overlord  
  19  1:52  Drone  
  20  2:02  Drone  
  20  2:04  Queen  
  20  2:05  Queen  
  20  2:06  Zergling x2  
  26  2:11  Drone  
  28  2:15  Drone  
  28  2:19  Metabolic Boost  
  28  2:24  Drone x2  
  30  2:34  Drone  
  31  2:41  Queen  
  31  2:42  Evolution Chamber  
  32  2:48  Zergling x2  
  32  2:50  Drone  
  34  2:51  Overlord  
  34  2:55  Drone  
  35  2:59  Drone  
  36  3:07  Zerg Melee Weapons Level 1  
  36  3:11  Zergling x4  
  38  3:14  Drone x2  
  38  3:17  Drone x2  
  42  3:23  Overlord  
  42  3:30  Drone x2  
  44  3:37  Overlord  
  44  3:39  Extractor  
  44  3:40  Drone  
  44  3:41  Extractor  
  43  3:45  Drone x2  
  45  3:53  Drone x7  
  52  4:00  Lair  
  51  4:11  Zergling x6  
  54  4:18  Queen  
  53  4:24  Extractor, Drone x2  
  53  4:25  Overlord  
  54  4:41  Spore Crawler  
  54  4:42  Spore Crawler  
  54  4:43  Drone x3  
  54  4:45  Drone  
  56  4:48  Hatchery  
  56  4:50  Zergling x4  
  56  4:51  Evolution Chamber  
  56  4:54  Queen  
  56  4:55  Overlord  
  56  4:57  Drone  
  56  4:58  Drone  
  60  5:06  Zerg Missile Weapons Level 1  
  60  5:11  Overlord  
  60  5:12  Queen  
  62  5:14  Zergling x4  
  64  5:22  Hydralisk Den  
  64  5:24  Overlord  
  64  5:27  Zergling x10  
  68  5:33  Overlord  
  64  5:45  Zerg Melee Weapons Level 2  
  64  5:49  Zergling x4  
  66  5:54  Drone  
  67  5:57  Muscular Augments  
  67  6:00  Zergling x2  
  67  6:01  Drone  
  67  6:04  Drone, Baneling Nest  
  70  6:06  Hatchery  
  68  6:11  Hydralisk  
  68  6:12  Hydralisk x2  
  68  6:15  Hydralisk  
  68  6:18  Hydralisk  
  75  6:22  Hydralisk  
  79  6:28  Hydralisk x2  
  83  6:37  Hydralisk  
  83  6:38  Hydralisk x2  
  87  6:43  Hydralisk  
  89  6:54  Hydralisk  
  89  6:55  Zergling x2  
  89  6:56  Overlord x2  
  89  6:57  Baneling  
  89  6:58  Baneling x5  
  92  7:10  Overlord  
  92  7:14  Zergling x2  
  92  7:15  Zergling x6  
  96  7:17  Baneling  
  96  7:18  Baneling x4  
  90  7:32  Zergling x6  
  90  7:40  Hydralisk  
  90  7:42  Zergling x2  
  91  7:48  Hydralisk  
  91  7:49  Hydralisk x3  
  97  7:53  Hydralisk  
  97  7:54  Zergling x2  
  97  7:57  Hydralisk  
  102  7:59  Zergling x2  
  102  8:06  Hydralisk x2  
  101  8:13  Hydralisk  
  101  8:19  Hydralisk  
  98  8:24  Hydralisk x5  
  104  8:28  Zergling x2  
  104  8:29  Zergling x4  
  101  8:44  Hydralisk x3  
  101  8:45  Hydralisk x2  
  101  8:46  Zergling x2  
Show
View Real Time Build Order
Export as new Build Order

WhiteRa Protoss 

Build Orders:  

Get SALT Encoding   

  12  0:02  Probe (Chrono Boost)  
  13  0:12  Probe (Chrono Boost)  
  14  0:20  Pylon  
  14  0:23  Probe (Chrono Boost)  
  15  0:38  Probe (Chrono Boost)  
  16  0:48  Probe (Chrono Boost)  
  17  0:59  Probe (Chrono Boost)  
  18  1:06  Nexus  
  18  1:09  Probe (Chrono Boost)  
  19  1:20  Gateway  
  19  1:22  Probe (Chrono Boost)  
  20  1:27  Assimilator  
  20  1:33  Probe (Chrono Boost)  
  20  1:34  Assimilator  
  21  1:43  Probe (Chrono Boost)  
  21  1:44  Pylon  
  23  1:54  Probe (Chrono Boost)  
  23  2:04  Probe (Chrono Boost)  
  23  2:07  Cybernetics Core  
  24  2:09  Zealot  
  24  2:15  Probe (Chrono Boost)  
  27  2:19  Probe (Chrono Boost)  
  28  2:24  Gateway  
  28  2:27  Probe (Chrono Boost)  
  29  2:31  Probe (Chrono Boost)  
  29  2:35  Warp Gate  
  29  2:36  Pylon  
  30  2:39  Probe (Chrono Boost)  
  30  2:42  Probe (Chrono Boost)  
  32  2:48  Stalker  
  34  2:54  Probe (Chrono Boost)  
  34  2:56  Probe (Chrono Boost)  
  37  3:06  Probe (Chrono Boost)  
  37  3:08  Stargate, Probe (Chrono Boost)  
  38  3:17  Adept  
  38  3:18  Adept, Probe (Chrono Boost)  
  43  3:24  Pylon  
  43  3:29  Probe (Chrono Boost)  
  43  3:31  Mothership Core (Chrono Boost)  
  46  3:39  Probe (Chrono Boost)  
  47  3:41  Pylon  
  47  3:44  Adept  
  47  3:45  Adept  
  51  3:50  Probe (Chrono Boost), Assimilator  
  51  3:51  Void Ray, Probe (Chrono Boost)  
  57  4:10  Probe (Chrono Boost)  
  57  4:12  Probe (Chrono Boost)  
  55  4:25  Probe (Chrono Boost)  
  55  4:27  Probe (Chrono Boost)  
  57  4:34  Nexus  
  57  4:39  Probe (Chrono Boost)  
  57  4:40  Probe (Chrono Boost)  
  59  4:48  Adept x2  
  59  4:50  Void Ray  
  63  4:57  Probe (Chrono Boost)  
  63  4:58  Probe (Chrono Boost)  
  69  5:00  Pylon  
  69  5:02  Pylon  
  69  5:07  Assimilator  
  69  5:18  Robotics Facility  
  69  5:23  Pylon, Probe (Chrono Boost)  
  69  5:27  Probe (Chrono Boost)  
  71  5:35  Probe (Chrono Boost)  
  66  5:48  Adept x2  
  66  5:51  Probe x2 (Chrono Boost)  
  66  5:53  Probe (Chrono Boost)  
  66  5:55  Twilight Council  
  69  5:59  Gateway x2  
  69  6:02  Probe (Chrono Boost)  
  69  6:03  Observer, Probe (Chrono Boost)  
  72  6:05  Probe (Chrono Boost)  
  69  6:13  Mothership Core (Chrono Boost)  
  69  6:15  Probe (Chrono Boost)  
  69  6:16  Void Ray  
  69  6:17  Probe (Chrono Boost)  
  73  6:19  Immortal  
  82  6:27  Probe (Chrono Boost)  
  82  6:28  Assimilator  
  82  6:29  Probe (Chrono Boost)  
  82  6:30  Assimilator  
  82  6:32  Probe (Chrono Boost)  
  84  6:38  Adept x2  
  84  6:39  Probe (Chrono Boost)  
  90  6:41  Probe (Chrono Boost)  
  90  6:43  Probe (Chrono Boost)  
  91  6:50  Dark Shrine  
  91  6:51  Probe (Chrono Boost)  
  91  6:52  Gateway  
  91  6:53  Probe (Chrono Boost)  
  93  6:54  Gateway  
  93  6:57  Forge, Immortal  
  93  6:58  Probe (Chrono Boost)  
  94  7:03  Probe (Chrono Boost)  
  99  7:13  Adept x4  
  85  7:38  Adept x4  
  61  7:57  Mothership Core (Chrono Boost)  
  63  7:59  Adept x6  
  75  8:09  Immortal  
  63  8:20  Pylon  
  63  8:24  Pylon  
  63  8:25  Adept x2  
  63  8:26  Adept  
  62  8:33  Pylon  
  58  8:40  Adept  
  58  8:41  Adept x2  
  59  8:48  Adept x3  
  61  8:53  Probe x2 (Chrono Boost)  
  39  9:05  Zealot x3  
Tags
 
Add a new tag
Caveats
  • Supply blocks, unpowered buildings, or Contaminate may cause inaccurate times.
  • Supply counts are checked every 10 seconds.